 Dungeon Crawl Stone Soup version 0.28.0 (webtiles) character file.

Game seed: 9029446693292474301

207 Dani the Chopper (level 5, -5/32 HPs)
             Began as a Gargoyle Fighter on Feb 20, 2022.
             Killed by divine providence
             ... invoked by an orc priest
              (11 damage)
             ... on level 4 of the Dungeon.
             The game lasted 00:06:05 (1358 turns).

Dani the Chopper (Gargoyle Fighter)                 Turns: 1358, Time: 00:06:06

Health: -5/32      AC: 18    Str: 22    XL:     5   Next: 85%
Magic:  5/5        EV:  9    Int:  8    God:
Gold:   74         SH:  9    Dex:  9    Spells: 4/4 levels left

rFire   . . .      SeeInvis .   a - +0 war axe (protect)
rCold   . . .      Faith    .   c - +0 buckler
rNeg    + . .      Spirit   .   b - +1 scale mail
rPois   ∞          Reflect  +   (no helmet)
rElec   +          Harm     .   (no cloak)
rCorr   .          Rampage  .   (no gloves)
Will    .....                   (no boots)
Stlth   ..........              f - amulet of reflection
HPRegen 0.10/turn               (no ring)
MPRegen 0.09/turn               (no ring)

@: under a protective aura
A: sickness immunity, AC +4, negative energy resistance 1, electricity
resistance, torment resistance 1, petrification resistance
a: no special abilities


You were on level 4 of the Dungeon.
You visited 1 branch of the dungeon, and saw 5 of its levels.

You collected 74 gold pieces.

Inventory:

Hand Weapons
 a - a +0 war axe of protection (weapon)
Armour
 b - a +1 scale mail (worn)
 c - a +0 buckler (worn)
Jewellery
 e - an amulet of faith
   (You found it on level 3 of the Dungeon)
 f - an amulet of reflection (around neck)
   (You found it on level 1 of the Dungeon)
Wands
 g - a wand of mindburst (12)
   (You found it on level 3 of the Dungeon)
Potions
 j - a potion of lignification


   Skills:
 - Level 3.2 Fighting
 + Level 5.3 Axes
 - Level 3.2 Armour
 - Level 3.2 Shields


You had 4 spell levels left.
You didn't know any spells.
Your spell library contained the following spells:

 Spells                   Type           Power      Damage    Failure   Level
 Corpse Rot               Necr/Air       0%         N/A       92%         2
 Dispel Undead            Necr           0%         3d6       100%        4
 Death Channel            Necr           0%         N/A       100%        6


Dungeon Overview and Level Annotations

Branches:
Dungeon (5/15)
 Temple: D:4-7

Altars:
Gozag

Annotations:
D:3 Terence


Innate Abilities, Weirdness & Mutations

You are immune to sickness and miasma.
Your stone body is resilient. (AC +4)
You are immune to poison.
You resist negative energy. (rN+)
You are resistant to electric shocks. (rElec)
You are resistant to unholy torment.
You are immune to petrification.


Message History

You kill the endoplasm!
No target in view!
No target in view!
Found 11 stones.
You see here 11 stones.
Found a scroll labelled REOZ JUANOIR.
d - a scroll labelled REOZ JUANOIR
As you read the scroll labelled REOZ JUANOIR, it crumbles to dust.
It is a scroll of identify.
j - a potion of lignification Key pressed, stopping explore.
Key pressed, stopping explore.
Key pressed, stopping explore.
Found a stone staircase leading up.
Key pressed, stopping explore.
There is a stone staircase leading up here.
Key pressed, stopping explore.
You pick up a book of Decay and begin reading...
You add the spells Corpse Rot, Dispel Undead and Death Channel to your library.
A goblin comes into view. It is wielding a +0 dagger.
A goblin is nearby!
A goblin is nearby!
The goblin hits you but does no damage.
A goblin is nearby!
You closely miss the goblin. The goblin hits you but does no damage.
The goblin closely misses you.
You slash the goblin!
Your weapon exudes an aura of protection.
You kill the goblin!
You see here a +0 dagger.
An orc priest comes into view. It is wielding a +0 whip.
The orc priest shouts!
You hear a shout!
An orc priest comes into view. It is wielding a +0 club.
An orc comes into view. It is wielding a +0 flail.
The orc priest shouts!
The orc shouts!
You hear a shout!
There are monsters nearby!
There are monsters nearby!
There are monsters nearby!
There are monsters nearby!
The orc priest calls down the wrath of Beogh upon you.
Beogh smites you!
* * * LOW HITPOINT WARNING * * *
An orc comes into view. It is wielding a +0 short sword.
You closely miss the orc priest.
The orc priest looks braver for a moment.
You barely miss the orc priest. You slash the orc!
Your weapon exudes an aura of protection.
You kill the orc!
The orc priest looks braver for a moment.
You hit the orc priest.
The orc priest is lightly wounded.
You closely miss the orc. The orc priest closely misses you.
The orc priest begins to cast a cantrip, but forgets the words!
The orc priest mumbles some strange prayers to Beogh against you.
Beogh smites you!
* * * LOW HITPOINT WARNING * * *
You are too injured to fight recklessly!
You are too injured to fight recklessly!
You barely miss the orc priest.
The orc priest is lightly wounded.
You barely miss the orc. You block the orc's attack.
You block the orc priest's attack. The orc hits you but does no damage.
You closely miss the orc priest.
You hit the orc priest but do no damage.
You hit the orc.
The orc priest invokes the aid of Beogh against you.
You are unaffected.
The orc priest calls upon Beogh to heal the orc.
The orc is healed somewhat.
The orc hits you with a +0 short sword.
* * * LOW HITPOINT WARNING * * *
You hit the orc priest.
The orc priest is moderately wounded.
You hit the orc priest but do no damage.
You hit the orc. The orc priest closely misses you. x2
The orc hits you but does no damage.
You barely miss the orc priest.
The orc priest is moderately wounded.
You barely miss the orc priest. You closely miss the orc.
The orc priest hits you but does no damage.
The orc priest closely misses you. The orc hits you but does no damage.
You block the orc priest's attack.
You closely miss the orc priest.
The orc priest is moderately wounded.
You barely miss the orc priest. You hit the orc.
You kill the orc!
The orc priest barely misses you. You block the orc priest's attack.
The orc priest hits you but does no damage.
You hit the orc priest.
The orc priest is heavily wounded.
You barely miss the orc priest. The orc priest hits you with a +0 whip.
* * * LOW HITPOINT WARNING * * *
The orc priest invokes the aid of Beogh against you.
Pain shoots through your body!
* * * LOW HITPOINT WARNING * * *
You hit the orc priest.
The orc priest is severely wounded.
You slash the orc priest! The orc priest closely misses you.
The orc priest calls down the wrath of Beogh upon you.
Beogh smites you!
You die...

### ##... ##..
.....#.... #...
#...... #.. #####.#
#.. #.# ##.####.# #.#
#........# ..# ##'#
#.#. #..####...#
##...
#.#.###...@o....#
##....
##....##.#.)o......
##<....
###.....##.#.####....
#..)...
.........)...........
+......
#........#.####. .
#...... ##.##.####.#
##..... #.# #.#
##.... #.# #.# ##...
#.# ##+#


You could see 2 orc priests.

Vanquished Creatures
  An ogre (D:4)
  A scorpion (D:5)
  A hound (D:5)
  A worm (D:4)
  A dart slug (D:3)
  4 orcs
  A ball python (D:2)
  An endoplasm (D:4)
  7 goblins
  5 hobgoblins
  A bat (D:2)
  5 rats
29 creatures vanquished.

Notes
Turn   | Place    | Note
-------+----------+-------------------------------------------
     0 | D:1      | Dani the Gargoyle Fighter began the quest for the Orb.
     0 | D:1      | Reached XP level 1. HP: 14/14 MP: 1/1
    57 | D:1      | Reached skill level 2 in Axes
   355 | D:4      | Noticed an ogre
   375 | D:3      | Reached XP level 2. HP: 19/19 MP: 2/2
   502 | D:3      | Reached skill level 3 in Axes
   552 | D:3      | Reached XP level 3. HP: 16/23 MP: 3/3
   669 | D:3      | Noticed Terence
   731 | D:4      | Killed an ogre
   732 | D:4      | Reached skill level 4 in Axes
   732 | D:4      | Reached XP level 4. HP: 9/28 MP: 4/4
   990 | D:5      | Entered Level 5 of the Dungeon
   992 | D:5      | Noticed a scorpion
  1002 | D:5      | Killed a scorpion
  1003 | D:5      | Reached skill level 5 in Axes
  1003 | D:5      | Reached XP level 5. HP: 26/32 MP: 5/5
  1075 | D:5      | Found an opulent altar of Gozag.
  1357 | D:4      | HP: 7/32 [orc priest (3)]
  1358 | D:4      | Killed from afar by an orc priest

Illustrated notes

Levels and vault maps discovered:
D:1:      amcnicky_arrival_flooded_fountain, layout_rooms,
          nicolae_ecumenical_lake_church
D:2:      layout_basic, serial_shops, nicolae_shop_waterfront, basic_altar
D:3:      layout_basic, minmay_goblin_outpost, uniq_terence, uniq_sigmund
D:4:      layout_loops_corners, uniq_natasha
D:5:      layout_layer_cave, marbit_many_paths, minmay_holes

Skill      XL: |  1  2  3  4 |
---------------+-------------+-----
Axes           | 2 3 4 5 |  5.3
Fighting       | |  3.2
Armour         | |  3.2
Shields        | |  3.2

Action                   |  1- 3 |  4- 6 || total
-------------------------+-------+-------++-------
Melee: War axe           |    38 |    33 ||    71
  Use: Scroll            |     5 |     2 ||     7
       Potion            |     1 |       ||     1
Armor: Scale mail        |    13 |    15 ||    28
Dodge: Dodged            |    13 |    14 ||    27
Block: Buckler           |    18 |    14 ||    32
       Reflection        |     3 |       ||     3

Table legend: (Time is in decaauts)
 A = Elapsed time spent in this place.
 B = Non-inter-level travel time spent in this place.
 C = Inter-level travel time spent in this place.
 D = Time resting spent in this place.
 E = Time spent auto-exploring this place.
 F = Levels seen in this place.
 G = Mean time per level.
                   A        B        C        D        E       F      G
               +--------+--------+--------+--------+--------+-----+--------+
         Total |   1382 |   1361 |     21 |    346 |    344 |   5 |  276.4 |
       Dungeon |   1382 |   1361 |     21 |    346 |    344 |   5 |  276.4 |
               +--------+--------+--------+--------+--------+-----+--------+

Top non-repeatable levels by time:
     D:4: 529 daAuts
     D:3: 382 daAuts
     D:2: 247 daAuts
     D:5: 156 daAuts
     D:1: 66 daAuts

Table legend:
 A = Kills in this place as a percentage of kills in entire the game.
 B = Kills by you in this place as a percentage of kills by you in the entire game.
 C = Kills by friends in this place as a percentage of kills by friends in the entire game.
 D = Other kills in this place as a percentage of other kills in the entire game.
 E = Experience gained in this place as a percentage of experience gained in the entire game.
 F = Experience gained in this place divided by the number of levels of this place that you have seen.
                   A       B       C       D       E      F
               +-------+-------+-------+-------+-------+----------------------
         Total | 100.0 | 100.0 |   N/A |   N/A | 100.0 |  59.4
       Dungeon | 100.0 | 100.0 |   N/A |   N/A | 100.0 |  59.4
               +-------+-------+-------+-------+-------+----------------------
